 Dungeon Crawl Stone Soup version 0.28.0 (webtiles) character file.

Game seed: 3685703582486748771

3509 BeingJoeMalik the Slicer (level 9, -6/71 HPs)
             Began as a Yellow Draconian Fighter on Feb 15, 2022.
             Was a Believer of Dithmenos.
             Mangled by a death knight (22 damage)
             ... on level 6 of the Dungeon.
             The game lasted 00:21:23 (7022 turns).

BeingJoeMalik the Slicer (Yellow Draconian Fighter) Turns: 7022, Time: 00:21:24

Health: -6/71      AC:  8    Str: 18    XL:     9   Next: 81%
Magic:  9/9        EV: 13    Int: 10    God:    Dithmenos [**....]
Gold:   53         SH:  6    Dex: 14    Spells: 8/8 levels left

rFire   . . .      SeeInvis .   k - +1 short sword (drain)
rCold   . . .      Faith    .   b - +1 buckler
rNeg    + . .      Spirit   .   (armour unavailable)
rPois   .          Reflect  .   (helmet restricted)
rElec   .          Harm     .   e - +0 cloak
rCorr   +          Rampage  .   (no gloves)
Will    .....                   (no boots)
Stlth   ++++......              (no amulet)
HPRegen 0.21/turn               r - ring of positive energy
MPRegen 0.11/turn               (no ring)

@: short of breath, wreathed by umbra, invisible
A: spit acid, AC +7, unfitting armour, cold-blooded, acid resistance
a: Breathe Acid, Renounce Religion, Shadow Step


You were on level 6 of the Dungeon.
You worshipped Dithmenos.
Dithmenos was pleased with you.
You visited 2 branches of the dungeon, and saw 7 of its levels.

You collected 378 gold pieces.
You spent 325 gold pieces at shops.

Inventory:

Hand Weapons
 a - a +0 long sword
 k - a +1 short sword of draining (weapon)
 q - a +1 dagger of draining
Armour
 b - a +1 buckler (worn)
 e - a +0 cloak (worn)
Jewellery
 r - a ring of positive energy (left hand)
Wands
 c - a wand of acid (11)
 f - a wand of iceblast (10)
 g - a wand of flame (5)
Scrolls
 l - a scroll of vulnerability
 o - 2 scrolls of enchant armour
 p - a scroll of enchant weapon
Potions
 d - 2 potions of heal wounds
 h - 5 potions of curing
 i - a potion of cancellation
 m - 2 potions of might
 n - a potion of flight
 t - a potion of berserk rage


   Skills:
 + Level 4.1 Fighting
 - Level 8.5(10.0) Short Blades
 - Level 8.0(9.7) Long Blades
 + Level 3.9 Dodging
 - Level 6.0 Stealth
 + Level 4.4 Shields


You had 8 spell levels left.
You didn't know any spells.
Your spell library contained the following spells:

 Spells                   Type           Power      Damage    Failure   Level
 Apportation              Tloc           0%         N/A       43%         1
 Shock                    Conj/Air       0%         1d3       43%         1
 Ensorcelled Hibernation  Hex/Ice        0%         N/A       58%         2
 Passwall                 Tmut/Erth      0%         N/A       58%         2
 Gell's Gravitas          Tloc           0%         N/A       82%         3
 Swiftness                Air            0%         N/A       82%         3
 Teleport Other           Tloc           0%         N/A       82%         3
 Airstrike                Air            0%         N/A       99%         4
 Alistair's Intoxication  Tmut/Pois      0%         N/A       100%        5
 Borgnjor's Vile Clutch   Necr/Erth      0%         N/A       100%        5
 Dispersal                Tloc           0%         N/A       100%        6
 Eringya's Noxious Bog    Tmut/Pois      0%         N/A       100%        6


Dungeon Overview and Level Annotations

Branches:
Dungeon (6/15)             Temple (1/1) D:5

Altars:
Ashenzari
Cheibriados
Dithmenos
Elyvilon
Fedhas
Gozag
Hepliaklqana
Kikubaaqudgha
Makhleb
Nemelex Xobeh
Okawaru
Qazlal
Sif Muna
Uskayaw
Vehumet
Wu Jian
Xom
Yredelemnul
Zin
The Shining One

Shops:
D:3 =?   D:4 :


Innate Abilities, Weirdness & Mutations

You can spit globs of acid.
Your golden yellow scales are hard. (AC +7)
You cannot fit into any form of body armour.
You are cold-blooded and may be slowed by cold attacks.
You are resistant to acid. (rCorr)


Message History

You can access your shopping list by pressing '$'.
You now have 42 gold pieces (gained 12).
Found an escape hatch in the ceiling.
You now have 53 gold pieces (gained 11).
There is an open door here.
There is an open door here.
There is an escape hatch in the floor here.
You see here a +0 dagger.
You barely miss the death knight. The death knight barely misses you.
Okay, then.
Press: ? - help, Shift-Dir - straight line, f - death knight
Aim: a death knight, wielding a +2 battleaxe and wearing a +0 chain mail (umbra, 64% to hit)
You spit a glob of acid.
The glob of acid hits the death knight.
The acid corrodes the death knight!
The death knight is lightly wounded.
The death knight barely misses you.
You sense an unholy aura.
k - a +1 short sword of draining (weapon)
You puncture the death knight!
The death knight is lightly wounded.
The death knight hits you with a +2 battleaxe!!
You hit the death knight. You drain the death knight.
The death knight is moderately wounded.
You completely miss the death knight.
The death knight is moderately wounded.
The death knight hits you with a +2 battleaxe.
You hit the death knight. You drain the death knight.
You tail-slap the death knight.
The death knight is moderately wounded.
The death knight hits you with a +2 battleaxe!
* * * LOW HITPOINT WARNING * * *
Okay, then.
Unknown command.
Unknown command.
Press: ? - help, v - describe, . - travel
Here: a death knight, wielding a +2 battleaxe and wearing a +0 chain mail (moderately wounded, covered in acid, lightly drained, umbra)
The floor.
You fade into invisibility!
The death knight hits you with a +2 battleaxe!!
You die...

.#.###..#.....#...#.#.#....###.#.
........#.#.#.....#..............
##.####.......#.#.....#.#.#######
##'## ####..#.....#.#.....# #
#...## #.......#.....#.#.##
.....## #..........(#......#
......###.......###.....#..##
.......##.#...#.#######.....###
>......'........@p.............
.......##.#...#.#######)#...###
......###.##..#.# #.##.## .....##
#.###.#.# ###.##### #...##
#.###.#.# #.......# ##'##
#.......# #.#.###.# ##.#
#####.### #.#.# .# ##.##### #.#
#.#.###.# .......# #.# ##.(.....#


You could see a death knight (corroded, drained).

Vanquished Creatures
  A boulder beetle (D:6)
  A two-headed ogre (D:6)
  Prince Ribbit (D:5)
  Sigmund (D:4)
  Menkaure (D:4)
  A black bear (D:6)
  An ice beast (D:6)
  2 sky beasts
  2 ogres
  2 necrophages
  A centaur (D:6)
  A phantom (D:5)
  A bullfrog (D:6)
  A scorpion (D:6)
  2 wyvern skeletons
  2 water moccasin zombies (D:5)
  3 bullfrog zombies
  A centaur skeleton (D:6)
  4 hounds
  A bullfrog skeleton (D:5)
  2 orc wizards
  A howler monkey zombie (D:6)
  5 adders
  3 white imps
  2 adder zombies (D:5)
  2 worms (D:2)
  3 dart slugs
  22 orcs
  7 endoplasms
  4 giant cockroaches
  6 goblins
  5 hobgoblins
  2 quokkas (D:4)
  4 ball pythons
  4 bats
  6 frilled lizards
  4 kobolds
  4 rats
116 creatures vanquished.

Vanquished Creatures (collateral kills)
  An orc warrior (D:6)
  A phantom (D:6)
  2 orcs (D:6)
4 creatures vanquished.

Grand Total: 120 creatures vanquished

Notes
Turn   | Place    | Note
-------+----------+-------------------------------------------
     0 | D:1      | BeingJoeMalik the Draconian Fighter began the quest for the
                  | Orb.
     0 | D:1      | Reached XP level 1. HP: 19/19 MP: 1/1
   138 | D:4      | Noticed Sigmund
   162 | D:4      | Killed Sigmund
   163 | D:4      | Reached skill level 5 in Long Blades
   163 | D:4      | Reached XP level 2. HP: 9/26 MP: 2/2
   163 | D:4      | Reached XP level 3. HP: 11/31 MP: 3/3
   163 | D:4      | Reached XP level 4. HP: 13/38 MP: 4/4
   163 | D:4      | Reached XP level 5. HP: 16/45 MP: 5/5
   195 | D:4      | Noticed Menkaure
   354 | D:3      | Found Pepeyj's Jewellery Shop.
   585 | D:3      | Found a faded altar of an unknown god.
   661 | D:3      | Found Yjiacech's Magic Scroll Shop.
   746 | D:4      | Found Beuk's Book Emporium.
   951 | D:4      | Killed Menkaure
   952 | D:4      | Reached XP level 6. HP: 35/51 MP: 6/6
  1185 | D:5      | Entered Level 5 of the Dungeon
  1254 | D:5      | Noticed Prince Ribbit
  1375 | D:3      | Bought a scroll of magic mapping for 45 gold pieces
  1495 | D:5      | Found a staircase to the Ecumenical Temple.
  1500 | Temple   | Entered the Ecumenical Temple
  1905 | Temple   | Became a worshipper of Dithmenos the Shadowed
  2817 | D:2      | Your scales start taking on a golden yellow colour.
  2817 | D:2      | Reached XP level 7. HP: 57/57 MP: 7/7
  2817 | D:2      | Gained mutation: You are resistant to acid. (rCorr) [Yellow
                  | Draconian growth]
  2845 | D:2      | Identified the +0 ring mail of Fyrau {-Tele +Inv Will+
                  | Int+4}
  3229 | D:2      | Reached * piety under Dithmenos
  4084 | D:5      | Reached skill level 1 in Short Blades
  4181 | D:5      | Killed Prince Ribbit
  4182 | D:5      | Reached skill level 1 in Stealth
  4661 | D:5      | Reached XP level 8. HP: 54/63 MP: 8/8
  4933 | D:5      | Reached skill level 5 in Short Blades
  5403 | D:6      | Reached ** piety under Dithmenos
  5568 | D:6      | Noticed a two-headed ogre
  5599 | D:6      | Killed a two-headed ogre
  5600 | D:6      | Reached skill level 5 in Stealth
  5600 | D:6      | Reached XP level 9. HP: 53/70 MP: 9/9
  5951 | D:6      | Noticed a boulder beetle
  5987 | D:6      | Killed a boulder beetle
  6382 | D:6      | Noticed a death knight
  6458 | D:3      | Bought a ring of positive energy for 280 gold pieces
  7022 | D:6      | Mangled by a death knight

Illustrated notes

Levels and vault maps discovered:
D:1:      elethiomel_arrival_maze, layout_loops_ring
D:2:      layout_loops_ring
D:3:      layout_basic, serial_shops, shop, shop,
          hellmonk_ecumenical_altar_run_dry
D:4:      layout_rooms, serial_shops, nicolae_shop_behind_doors,
          minmay_misc_feat_cross, minmay_statues_item, uniq_sigmund,
          uniq_menkaure
D:5:      layout_basic, minmay_temple_entry_tees,
          chequers_serial_rivers_small_a, minmay_starry_boxes,
          uniq_prince_ribbit1
D:6:      minmay_chambers_of_threes, layout_loops_corners,
          hangedman_decor_points
Temple:   mainiacjoe_temple_big_plus

Skill      XL: |  1  2  3  4  5  6  7  8  9 |
---------------+----------------------------+-----
Long Blades    | 5 6 7 8 |  8.0
Short Blades   | 3 7 8 |  8.5
Stealth        | 2 5 6 |  6.0
Fighting       | 4 |  4.1
Dodging        | 3 |  3.9
Shields        | 4 |  4.4

Action                   |  1- 3 |  4- 6 |  7- 9 || total
-------------------------+-------+-------+-------++-------
Melee: Long sword        |    12 |    90 |    91 ||   193
       Tailslap          |       |     8 |    72 ||    80
       Dagger            |       |       |   296 ||   296
       Short sword       |       |       |     4 ||     4
 Abil: Breathe Acid      |       |       |    16 ||    16
Evoke: Wand              |       |     4 |     5 ||     9
  Use: Potion            |     1 |       |     1 ||     2
       Scroll            |       |     3 |    11 ||    14
 Stab: Sleeping          |       |     2 |     5 ||     7
       Distracted        |       |       |     1 ||     1
Armor: Skin              |     2 |    25 |    63 ||    90
Dodge: Dodged            |     6 |    51 |   133 ||   190
Block: Buckler           |     3 |    14 |    65 ||    82
